 Dungeon Crawl Stone Soup version 0.28.0-43-g3370ac3207 (webtiles) character file.

Game seed: 6387099258288049191

143 Ablot the Grasshopper (level 5, -5/43 HPs)
             Began as a Gnoll Warper on Mar 4, 2022.
             Slain by an orc
             ... wielding a +0 short sword
              (6 damage)
             ... on level 4 of the Dungeon.
             The game lasted 00:04:16 (3239 turns).

Ablot the Grasshopper (Gnoll Warper)                Turns: 3239, Time: 00:04:18

Health: -5/43      AC:  0    Str: 12    XL:     5   Next: 25%
Magic:  12/12      EV: 22    Int: 12    God:
Gold:   99         SH:  0    Dex: 17    Spells: 12/14 levels left

rFire   . . .      SeeInvis .     - Unarmed
rCold   . . .      Faith    .   (shield currently unavailable)
rNeg    . . .      Spirit   .   (armour currently unavailable)
rPois   .          Reflect  .   (helmet currently unavailable)
rElec   .          Harm     .   (cloak currently unavailable)
rCorr   .          Rampage  .   (gloves currently unavailable)
Will    .....                   (boots currently unavailable)
Stlth   +.........              (no amulet)
HPRegen 0.14/turn               (ring currently unavailable)
MPRegen 0.13/turn               (ring currently unavailable)

@: confused, bat-form, flying, very quick
A: fast, flying, no casting, tiny, (fangs 1), strong nose, distributed training
a: no special abilities


You were on level 4 of the Dungeon.
You were a bat.
You visited 1 branch of the dungeon, and saw 4 of its levels.

You collected 99 gold pieces.

Inventory:

Hand Weapons
 a - a +6 dagger of freezing (melded)
Missiles
 d - 5 boomerangs of dispersal
 e - 5 atropa-tipped darts (quivered)
 g - 61 stones
 k - 51 arrows
 p - a silver boomerang
Armour
 b - a +0 leather armour (melded)
 q - a +1 scale mail of cold resistance
 s - a +0 pair of boots (melded)
Jewellery
 l - a +6 ring of strength (melded)
Scrolls
 c - 2 scrolls of blinking
 f - 5 scrolls of identify {unknown}
 h - a scroll of fear {unknown}
 i - a scroll of magic mapping {unknown}
 j - 2 scrolls of noise {unknown}
Potions
 m - 2 potions of berserk rage {unknown}
 n - a potion of degeneration {unknown}
 o - a potion of curing {unknown}
 r - a potion of haste {unknown}


   Skills:
 + Level 4.7 Fighting
 + Level 4.7 Short Blades
 + Level 1.4 Long Blades
 + Level 1.4 Axes
 + Level 1.4 Maces & Flails
 + Level 1.4 Polearms
 + Level 1.4 Staves
 + Level 1.4 Slings
 + Level 1.4 Bows
 + Level 1.4 Crossbows
 + Level 2.9 Throwing
 + Level 2.9 Armour
 + Level 4.7 Dodging
 + Level 1.4 Stealth
 + Level 1.4 Shields
 + Level 1.4 Unarmed Combat
 + Level 5.2 Spellcasting
 + Level 1.1 Conjurations
 + Level 1.1 Hexes
 + Level 1.1 Summonings
 + Level 1.1 Necromancy
 + Level 5.5 Translocations
 + Level 1.1 Transmutations
 + Level 1.1 Fire Magic
 + Level 1.1 Ice Magic
 + Level 1.1 Air Magic
 + Level 1.1 Earth Magic
 + Level 1.1 Poison Magic
 + Level 1.6 Invocations
 + Level 1.4 Evocations


You had 12 spell levels left.
You knew the following spells:

 Your Spells              Type           Power      Damage    Failure   Level
a - Blink                 Tloc           32%        N/A       3%          2

Your spell library contained the following spells:

 Spells                   Type           Power      Damage    Failure   Level
 Gell's Gravitas          Tloc           16%        N/A       6%          3
 Lesser Beckoning         Tloc           16%        N/A       6%          3
 Teleport Other           Tloc           16%        N/A       6%          3
 Manifold Assault         Tloc           16%        N/A       50%         5


Dungeon Overview and Level Annotations

Branches:
Dungeon (4/15)
 Temple: D:4-7

Altars:

Annotations:
D:4 Sigmund


Innate Abilities, Weirdness & Mutations

You are a bat.
You are tiny and dextrous.
You move quickly.
You are flying.
Your equipment is almost entirely melded.
You are incapable of wielding weapons or throwing items.
You cannot cast spells.
((You have very sharp teeth.))
Your uncanny sense of smell can sniff out nearby items.
Your experience applies equally to all skills.


Message History

The orc hits you but does no damage.
You're too confused to move!
You feel less confused. Sigmund barely misses you. The orc barely misses you.
You hit Sigmund. You freeze Sigmund.
Sigmund is moderately wounded.
Sigmund closely misses you.
You barely miss Sigmund.
Sigmund is moderately wounded.
The orc barely misses you.
You hit Sigmund. You freeze Sigmund.
Sigmund is heavily wounded.
The orc hits you with a +0 short sword. Sigmund misses you.
You hit Sigmund. You freeze Sigmund.
Sigmund is severely wounded.
The orc hits you with a +0 short sword.
You hit Sigmund. You freeze Sigmund.
Sigmund is severely wounded.
Sigmund zaps a wand.
You turn into a bat.
Your +6 dagger of freezing melds into your body.
Your +0 pair of boots melds into your body.
Your +0 leather armour melds into your body.
Your +6 ring of strength melds into your body.
Your +6 dagger of freezing stops glowing.
You feel weaker.
Unknown command.
You hit Sigmund.
Sigmund is severely wounded.
The orc hits you with a +0 short sword.
* * * LOW HITPOINT WARNING * * *
Sigmund casts a spell at you.
You are confused.
Unknown command.
You hit Sigmund but do no damage.
Sigmund is severely wounded.
Sigmund casts a spell at you. The magic dart hits you!
* * * LOW HITPOINT WARNING * * *
The orc hits you with a +0 short sword.
You die...

#.### #.#.. #.#.#
# #.#.# ##. #.#.#
#..###.#!######
###.............#
.......?.o.####.##
####....@b.......#
............#..##
#.##.#..$....# .#
# #....##.#†.# .#
...... #...<# #
...... ###.##
.##... #.# #...
#.# #.# ..#


You could see Sigmund and an orc.

Vanquished Creatures
  A gnoll (D:1)
  3 adders
  A white imp (D:3)
  3 worms
  4 dart slugs
  7 orcs (D:3)
  3 endoplasms
  3 giant cockroaches
  7 hobgoblins
  10 kobolds
  4 quokkas
  4 ball pythons
  7 bats (D:1)
  11 frilled lizards
  5 goblins
  4 rats
77 creatures vanquished.

Notes
Turn   | Place    | Note
-------+----------+-------------------------------------------
     0 | D:1      | Ablot the Gnoll Warper began the quest for the Orb.
     0 | D:1      | Reached XP level 1. HP: 20/20 MP: 6/6
   276 | D:1      | Reached XP level 2. HP: 26/26 MP: 7/7
   281 | D:1      | Learned a level 2 spell: Blink
   866 | D:1      | Reached XP level 3. HP: 31/31 MP: 9/9
   870 | D:1      | Reached skill level 5 in Spellcasting
  1018 | D:1      | Found a faded altar of an unknown god.
  1169 | D:1      | Reached skill level 1 in Invocations
  1216 | D:1      | Reached skill level 1 in Long Blades
  1216 | D:1      | Reached skill level 1 in Axes
  1216 | D:1      | Reached skill level 1 in Maces & Flails
  1216 | D:1      | Reached skill level 1 in Polearms
  1216 | D:1      | Reached skill level 1 in Staves
  1216 | D:1      | Reached skill level 1 in Slings
  1216 | D:1      | Reached skill level 1 in Bows
  1216 | D:1      | Reached skill level 1 in Crossbows
  1216 | D:1      | Reached skill level 1 in Stealth
  1216 | D:1      | Reached skill level 1 in Shields
  1216 | D:1      | Reached skill level 1 in Unarmed Combat
  1216 | D:1      | Reached skill level 1 in Evocations
  1682 | D:2      | Reached XP level 4. HP: 33/38 MP: 11/11
  2422 | D:2      | Reached skill level 1 in Conjurations
  2422 | D:2      | Reached skill level 1 in Hexes
  2422 | D:2      | Reached skill level 1 in Summonings
  2422 | D:2      | Reached skill level 1 in Necromancy
  2422 | D:2      | Reached skill level 1 in Transmutations
  2422 | D:2      | Reached skill level 1 in Fire Magic
  2422 | D:2      | Reached skill level 1 in Ice Magic
  2422 | D:2      | Reached skill level 1 in Air Magic
  2422 | D:2      | Reached skill level 1 in Earth Magic
  2422 | D:2      | Reached skill level 1 in Poison Magic
  2509 | D:3      | Reached XP level 5. HP: 39/43 MP: 12/12
  3192 | D:4      | Noticed Sigmund
  3239 | D:4      | HP: 1/43 [Sigmund/magic dart (7)]
  3239 | D:4      | Slain by an orc

Illustrated notes

Levels and vault maps discovered:
D:1:      dpeg_cavernosity, layout_basic, ebering_ecumenical_altar_webs,
          st_stairs_13
D:2:      layout_basic, nrook_mini_vaults
D:3:      layout_loops_ring, minivault_24, minmay_tree_intersection,
          minmay_misc_feat_chi
D:4:      layout_basic, temple_pool_b, uniq_sigmund

Skill      XL: |  1  2  3  4 |
---------------+-------------+-----
Spellcasting   | 5 |  5.2
Invocations    | 1 |  1.6
Long Blades    | 1 |  1.4
Axes           | 1 |  1.4
Maces & Flails | 1 |  1.4
Polearms       | 1 |  1.4
Staves         | 1 |  1.4
Slings         | 1 |  1.4
Bows           | 1 |  1.4
Crossbows      | 1 |  1.4
Stealth        | 1 |  1.4
Shields        | 1 |  1.4
Unarmed Combat | 1 |  1.4
Evocations     | 1 |  1.4
Conjurations   | 1 |  1.1
Hexes          | 1 |  1.1
Summonings     | 1 |  1.1
Necromancy     | 1 |  1.1
Transmutations | 1 |  1.1
Fire Magic     | 1 |  1.1
Ice Magic      | 1 |  1.1
Air Magic      | 1 |  1.1
Earth Magic    | 1 |  1.1
Poison Magic   | 1 |  1.1
Fighting       | |  4.7
Short Blades   | |  4.7
Throwing       | |  2.9
Armour         | |  2.9
Dodging        | |  4.7
Translocations | |  5.5

Action                   |  1- 3 |  4- 6 || total
-------------------------+-------+-------++-------
Melee: Short sword       |    42 |       ||    42
       Dagger            |    36 |    84 ||   120
       Bite              |     3 |     6 ||     9
       Punch             |     1 |     2 ||     3
       Unarmed           |       |    11 ||    11
 Stab: Sleeping          |     1 |       ||     1
Armor: Leather armour    |    22 |    11 ||    33
Dodge: Dodged            |    50 |    55 ||   105
